Map: Lightshade LE

Players

Elazer

  • Race: Zerg Zerg

Reynor - Winner!

  • Race: Zerg Zerg

Event: DreamHack SC2 Masters 2021 Winter

VOD

Have the link to the VOD?

Description

Time

  • Played on: Sept. 29, 2021, 12:04 p.m.
  • Length: 9:49

All games in this series

Show
View Real Time Build Order
Export as new Build Order

Elazer Zerg 

Build Orders: Hatch First 

Get SALT Encoding   

  12  0:00  Drone  
  13  0:12  Overlord  
  13  0:16  Drone  
  14  0:30  Drone x2  
  16  0:47  Hatchery  
  15  0:50  Drone  
  15  0:54  Drone  
  17  0:57  Drone  
  18  1:04  Extractor  
  17  1:12  Spawning Pool  
  17  1:15  Drone  
  17  1:19  Drone  
  18  1:28  Drone  
  19  1:38  Drone  
  20  1:49  Drone  
  21  1:58  Queen x2  
  21  1:59  Drone  
  21  2:00  Overlord  
  26  2:05  Metabolic Boost  
  26  2:09  Drone  
  26  2:12  Drone  
  28  2:21  Drone  
  28  2:22  Drone  
  30  2:32  Hatchery  
  30  2:35  Zergling x2  
  30  2:40  Drone  
  30  2:43  Drone  
  30  2:44  Overlord  
  32  2:53  Zergling x2  
  32  2:54  Zergling x2  
  34  3:04  Zergling x4  
  36  3:06  Zergling x12  
  36  3:12  Baneling Nest  
  41  3:16  Queen  
  43  3:21  Overlord  
  43  3:23  Drone  
  44  3:41  Drone x8  
  52  3:47  Queen  
  51  3:55  Zergling x2  
  51  3:56  Zergling x4  
  52  4:03  Baneling x2  
  52  4:07  Overlord  
  52  4:08  Drone x3  
  55  4:13  Overlord  
  55  4:14  Drone  
  56  4:17  Drone x2  
  58  4:24  Roach Warren  
  58  4:28  Drone x2  
  58  4:37  Drone x5  
  59  4:39  Drone  
  59  4:41  Drone x2  
  61  4:45  Drone, Extractor  
  61  4:46  Extractor  
  60  4:53  Overlord  
  60  4:56  Overlord  
  60  4:58  Overlord  
  59  5:10  Roach x6  
  59  5:12  Overlord  
  71  5:18  Roach x3  
  77  5:23  Roach x2  
  77  5:25  Roach  
  83  5:29  Roach  
  83  5:30  Roach  
  83  5:31  Roach  
  83  5:35  Zergling x4  
  90  5:42  Overlord  
  90  5:44  Roach x3  
  96  5:53  Roach x3  
  102  6:00  Roach x2  
  102  6:03  Overlord  
  106  6:06  Roach  
  106  6:08  Zergling x10  
  113  6:18  Zergling x2  
  114  6:19  Overlord x2  
  114  6:36  Zergling x10  
  114  6:38  Baneling x10  
  114  6:39  Baneling  
  112  6:49  Zergling x2  
  112  6:50  Zergling x14  
  113  6:55  Zergling x14  
  116  7:04  Roach x3  
  109  7:13  Ravager x2  
  101  7:17  Zergling x10  
  101  7:19  Ravager  
  101  7:20  Zergling x4  
  96  7:27  Roach x4  
  99  7:33  Roach x2  
  93  7:37  Drone x3  
  93  7:43  Drone x3, Evolution Chamber  
  98  7:47  Drone x2  
  100  7:53  Ravager  
  100  7:54  Drone x7  
  100  7:56  Ravager  
  100  7:57  Extractor  
  108  8:02  Overlord  
  108  8:11  Drone x6  
  114  8:16  Extractor  
  114  8:19  Extractor  
  112  8:20  Lair  
  112  8:21  Drone x5  
  117  8:27  Overlord  
  117  8:28  Drone x2  
  117  8:32  Drone x3  
  122  8:40  Overlord  
  121  8:47  Roach x3  
  126  8:51  Hatchery  
  126  8:52  Roach  
  126  8:53  Roach x2  
  130  9:00  Roach  
  130  9:01  Roach x4  
  140  9:07  Roach x3  
  146  9:15  Roach x4  
  154  9:19  Overlord x2  
  151  9:34  Baneling  
  151  9:35  Baneling  
Show
View Real Time Build Order
Export as new Build Order

Reynor Zerg - Winner!

Build Orders: Hatch First 

Get SALT Encoding   

  12  0:00  Drone  
  13  0:11  Overlord  
  13  0:17  Drone  
  14  0:30  Drone x2  
  16  0:47  Hatchery  
  15  0:51  Drone  
  15  0:54  Drone  
  17  0:58  Drone  
  18  1:05  Extractor  
  17  1:14  Spawning Pool  
  17  1:17  Drone  
  17  1:20  Drone  
  18  1:28  Drone  
  19  1:39  Drone  
  20  1:49  Drone  
  21  2:01  Zergling x2, Queen x2  
  22  2:04  Metabolic Boost  
  22  2:08  Overlord  
  26  2:11  Drone  
  26  2:13  Drone  
  28  2:26  Drone x2  
  30  2:34  Hatchery  
  29  2:40  Drone x2  
  29  2:43  Zergling x4  
  33  2:53  Overlord  
  33  2:54  Zergling x2  
  34  3:03  Baneling Nest  
  34  3:05  Zergling x4  
  35  3:09  Zergling x2  
  35  3:12  Zergling x8  
  40  3:14  Drone  
  41  3:20  Overlord  
  41  3:22  Queen  
  41  3:25  Zergling x2  
  44  3:36  Overlord  
  44  3:41  Zergling x6  
  46  3:43  Drone x2  
  46  3:44  Drone x2  
  46  3:47  Drone  
  52  3:51  Drone x2  
  52  3:56  Overlord  
  52  4:00  Drone x2  
  52  4:01  Baneling x2  
  52  4:03  Baneling  
  52  4:04  Drone  
  52  4:08  Drone x2  
  54  4:15  Baneling  
  54  4:16  Drone x2  
  56  4:20  Drone  
  56  4:23  Drone, Roach Warren, Extractor  
  56  4:28  Drone  
  56  4:29  Drone  
  58  4:33  Drone x3  
  58  4:37  Drone  
  61  4:39  Drone  
  61  4:41  Drone x2  
  61  4:42  Drone, Overlord  
  61  4:45  Extractor  
  62  4:53  Zergling x4  
  62  4:55  Overlord  
  62  4:56  Baneling  
  64  5:03  Drone  
  64  5:05  Drone, Overlord x2  
  65  5:08  Roach x2  
  65  5:10  Roach x2  
  73  5:15  Roach x5  
  73  5:19  Roach  
  85  5:23  Evolution Chamber  
  85  5:27  Roach x2  
  88  5:35  Lair  
  88  5:36  Drone x3  
  88  5:40  Drone x4  
  88  5:41  Overlord  
  94  5:44  Drone  
  94  5:47  Drone x2  
  94  5:49  Zerg Missile Weapons Level 1  
  97  5:51  Spine Crawler  
  97  5:52  Extractor  
  97  5:54  Zergling x6  
  97  5:56  Drone x3  
  101  6:03  Roach, Extractor  
  103  6:08  Roach x3  
  109  6:14  Roach x2  
  109  6:16  Overlord x2  
  109  6:17  Spine Crawler, Overlord  
  112  6:24  Overlord  
  112  6:32  Roach  
  114  6:36  Zergling x8, Roach x2  
  114  6:38  Queen x2, Roach x3  
  122  6:42  Roach  
  122  6:45  Roach  
  122  6:46  Queen  
  126  6:48  Roach x2  
  126  6:52  Roach  
  126  6:53  Roach x2  
  131  6:56  Roach  
  123  7:04  Roach x4  
  123  7:06  Roach  
  117  7:09  Roach  
  117  7:10  Roach  
  117  7:11  Zergling x2  
  117  7:13  Roach  
  117  7:14  Zergling x4  
  114  7:19  Roach  
  114  7:21  Roach  
  112  7:25  Queen  
  112  7:27  Roach  
  114  7:31  Roach x2  
  114  7:34  Roach  
  108  7:40  Roach  
  108  7:41  Queen  
  108  7:42  Roach  
  108  7:44  Baneling x2  
  112  7:51  Glial Reconstitution  
  112  7:53  Zergling x8  
  112  7:55  Drone x2  
  112  7:58  Roach  
  120  7:59  Overseer  
  120  8:05  Roach x2  
  124  8:07  Extractor  
  123  8:13  Roach  
  123  8:15  Overlord  
  123  8:16  Hatchery  
  123  8:17  Drone x2  
  127  8:20  Extractor  
  127  8:22  Roach x3  
  127  8:25  Roach  
  134  8:27  Roach  
  134  8:29  Overlord  
  134  8:32  Drone x2  
  134  8:33  Drone  
  138  8:39  Roach x3  
  142  8:44  Spire  
  142  8:45  Hatchery  
  140  8:51  Roach x5  
  140  8:52  Roach  
  152  8:58  Overlord  
  152  9:01  Drone  
  153  9:04  Roach x2  
  153  9:06  Overlord  
  153  9:08  Hatchery  
  156  9:14  Overlord  
  156  9:18  Roach x2  
  160  9:28  Roach x5  

Tags
 
Add a new tag
Caveats
  • Supply blocks, unpowered buildings, or Contaminate may cause inaccurate times.
  • Supply counts are checked every 10 seconds.